[Event "Team 45 45 League T38"]
[Site "Internet Chess Club"]
[Date "2008.08.24"]
[Round "5"]
[White "bobhill"]
[Black "Uwak"]
[Result "0-1"]
[WhiteElo "2041"]
[BlackElo "2051"]
[Opening "Dutch: Leningrad, main variation"]
[ECO "A87"]
[Time "23:10:43"]
[TimeControl "2700+45"]

1. d4 f5 2. c4 Nf6 3. Nf3 g6 4. g3 Bg7 5. Bg2 O-O 6. Qc2 d6 7. b3 Qe8 8. Bb2 Nc6
9. a3 e5 10. dxe5 dxe5 11. O-O a5 12. Nc3 e4 13. Ng5 h6 14. Nh3 g5 15. Nb5 Qe7
16. f4 g4 17. Nf2 Be6 18. e3 Qf7 19. Rfd1 a4 20. Nd4 Nxd4 21. Bxd4 axb3 22. Qxb3
Bxc4 23. Qxb7 Rfb8 24. Qc6 Ra6 25. Qc5 Rb5 26. Qxc4 Qxc4 27. Bf1 Qa4 28. Be5 Rc6
29. Rd4 Qa5 30. Bxb5 Qxb5 31. Rad1 Qe2 32. Rd8+ Kh7 33. Bd4 Rc2 34. Rf1 Rd2 35.
Rc8 Rxd4 36. exd4 Nd5 37. Rd8 Ne3 38. Rc1 Qf3 {White resigns} 0-1

[Event "Team 45 45 League T38"]
[Site "Internet Chess Club"]
[Date "2008.08.21"]
[Round "5"]
[White "Gregorio"]
[Black "matein7"]
[Result "1-0"]
[WhiteElo "2059"]
[BlackElo "1869"]
[Opening "Scandinavian defense"]
[ECO "B01"]
[Time "14:13:31"]
[TimeControl "2700+45"]

1. e4 d5 2. exd5 Nf6 3. Nf3 Bg4 4. Bb5+ Nbd7 5. Nc3 a6 6. Ba4 b5 7. Bb3 Ne5 8.
d4 Nxf3+ 9. gxf3 Bh3 10. Bg5 b4 11. Ne4 Nxd5 12. c4 bxc3 13. bxc3 h6 14. Ba4+
Bd7 15. Bd2 e6 16. O-O Nb6 17. Bb3 Bb5 18. Re1 Qh4 19. a4 Bc6 20. a5 Nd5 21. Ba4
Ne7 22. d5 Bb5 23. c4 exd5 24. cxb5 dxe4 25. b6+ c6 26. Rxe4 {Black resigns} 1-0

[Event "Team 45 45 League T38"]
[Site "Internet Chess Club"]
[Date "2008.08.26"]
[Round "5"]
[White "Grenadier"]
[Black "cgrau"]
[Result "0-1"]
[WhiteElo "1670"]
[BlackElo "1785"]
[Opening "Scandinavian (center counter) defense"]
[ECO "B01"]
[Time "19:43:29"]
[TimeControl "2700+45"]

1. e4 d5 2. exd5 Qxd5 3. Nc3 Qe5+ 4. Qe2 Qxe2+ 5. Bxe2 Nf6 6. Nf3 g6 7. Nb5 Na6
8. O-O c6 9. Nbd4 Nc7 10. b3 Bg7 11. Ba3 Ne6 12. Rfe1 Nd5 13. c3 Nxd4 14. Nxd4
Bxd4 15. cxd4 Be6 16. Bf3 Rd8 17. Rac1 Rd7 18. h4 h5 19. Re5 O-O 20. g3 Re8 21.
Rce1 Kf8 22. Be4 Nc7 23. Bb2 Bd5 24. Bb1 Nb5 25. Bd3 a6 26. f4 f6 27. R5e3 Bf7
28. d5 Rxd5 29. Bc4 Rxd2 30. Bxf7 Kxf7 31. a4 Rxb2 32. axb5 axb5 33. Rd1 Ra8 34.
Rde1 Re8 35. Rd1 e6 {White resigns} 0-1

[Event "Team 45 45 League T38"]
[Site "Internet Chess Club"]
[Date "2008.08.25"]
[Round "5"]
[White "BrerRabbit"]
[Black "GoIrish"]
[Result "1-0"]
[WhiteElo "1602"]
[BlackElo "1598"]
[Opening "King's Indian: Petrosian system, main line"]
[ECO "E93"]
[Time "20:35:28"]
[TimeControl "2700+45"]

1. d4 Nf6 2. c4 g6 3. Nc3 Bg7 4. e4 d6 5. Be2 O-O 6. Nf3 e5 7. d5 Nbd7 8. O-O
Nc5 9. Nd2 Ne8 10. b4 Nd7 11. Qc2 f5 12. exf5 gxf5 13. f3 Ndf6 14. Nb3 b6 15.
Be3 f4 16. Bf2 Bh6 17. c5 Qe7 18. cxd6 Qxd6 19. a3 Nxd5 20. Nxd5 Bf5 21. Qc1 Kh8
22. Nc3 Qg6 23. Kh1 Rg8 24. Rg1 Nd6 25. Nd2 Rae8 26. Qf1 Bg7 27. Nde4 Nxe4 28.
Nxe4 Bxe4 29. fxe4 Qxe4 30. Bf3 Qg6 31. Qd1 Qf6 32. Be4 Rd8 33. Qf3 Rd6 34. Rgd1
Bf8 35. Rac1 Qg7 36. Rxd6 Bxd6 37. Bd5 Rf8 38. Be4 Rf6 39. Qh5 Rh6 40. Qe8+ Qg8
41. Qxg8+ Kxg8 42. h3 Kf7 43. Kg1 a5 44. Be1 axb4 45. Bxb4 c5 46. Bc3 Rh4 47.
Bf3 Rh6 48. Re1 Kf6 49. Rd1 Ke7 50. Kf2 Rg6 51. Ke2 Rg3 52. Kd3 b5 53. Ke4 b4
54. axb4 cxb4 55. Bxe5 Bc5 56. Rc1 Be3 57. Rb1 Ke6 58. Bxf4 Bxf4 59. Kxf4 Rg6
60. Rxb4 Rf6+ 61. Ke4 Kf7 62. Rb5 Kg6 63. Bg4 Kh6 64. Re5 Ra6 65. Re6+ Rxe6+ 66.
Bxe6 Kg5 67. g3 h6 68. h4+ Kf6 69. Bf5 Kf7 70. g4 Kg7 71. Ke5 Kf7 72. g5 Kg7 73.
g6 Kh8 74. Kf6 Kg8 75. Be6+ {Black resigns} 1-0

[Event "Team 45 45 League T38"]
[Site "Internet Chess Club"]
[Date "2008.08.22"]
[Round "5"]
[White "Mantra"]
[Black "crag"]
[Result "1/2-1/2"]
[WhiteElo "1552"]
[BlackElo "1591"]
[Opening "English opening"]
[ECO "A20"]
[Time "09:56:58"]
[TimeControl "2700+45"]

1. c4 e5 2. g3 Nf6 3. Bg2 d5 4. cxd5 Nxd5 5. Nc3 Nxc3 6. bxc3 Be7 7. Nf3 Nc6 8.
d4 exd4 9. cxd4 Bf6 10. e3 O-O 11. Ba3 Re8 12. O-O Bg4 13. h3 Bh5 14. Qd2 Qd7
15. Kh2 Rad8 16. Bb2 b6 17. Rac1 Bxf3 18. Bxf3 Ne5 19. Bg2 c5 20. Qc2 cxd4 21.
Bxd4 Rc8 22. Qb3 Red8 23. Rfd1 Rxc1 24. Rxc1 Qf5 25. f4 Ng6 26. e4 Qd7 27. Bxf6
gxf6 28. Qc3 Kg7 29. Qc7 Nf8 30. Qxd7 Rxd7 31. Rc2 {Game drawn by mutual
agreement} 1/2-1/2

[Event "Team 45 45 League T38"]
[Site "Internet Chess Club"]
[Date "2008.08.23"]
[Round "5"]
[White "houseofcook"]
[Black "allanchs"]
[Result "0-1"]
[WhiteElo "1404"]
[BlackElo "1571"]
[Opening "Scotch gambit"]
[ECO "C44"]
[Time "10:00:10"]
[TimeControl "2700+45"]

1. e4 e5 2. Nf3 Nc6 3. d4 exd4 4. Bc4 Bc5 5. c3 Nge7 6. O-O d5 7. exd5 Nxd5 8.
Re1+ Be7 9. Bg5 Be6 10. Bxe7 Ncxe7 11. Qxd4 O-O 12. Nbd2 Nc6 13. Qe4 Nf6 14. Qc2
Bxc4 15. Nxc4 Qd5 16. Ne3 Qc5 17. b4 Qh5 18. Rad1 Rad8 19. Nc4 Rfe8 20. Rxe8+
Rxe8 21. Ncd2 h6 22. Re1 Rxe1+ 23. Nxe1 Qe2 24. Ndf3 Qe4 25. Qxe4 Nxe4 26. b5
Na5 27. a3 Nxc3 28. b6 axb6 29. Ne5 Nb5 30. Nc2 Nc6 31. Nc4 Nbd4 32. N2e3 b5 33.
Nd2 b4 34. axb4 Nxb4 35. Nd5 Nxd5 36. Ne4 b5 37. Nc5 b4 38. Kf1 b3 39. Na4 c5
40. Ke1 c4 41. Kd2 c3+ 42. Nxc3 Nxc3 43. Kxc3 Kf8 44. f4 Ke7 45. g4 Ke6 46. h4
f5 {White resigns} 0-1

[Event "Team 45 45 League T38"]
[Site "Internet Chess Club"]
[Date "2008.08.24"]
[Round "5"]
[White "C-Jones"]
[Black "ChessForce"]
[Result "1-0"]
[WhiteElo "1657"]
[BlackElo "1506"]
[Opening "Caro-Kann: classical variation"]
[ECO "B18"]
[Time "15:03:14"]
[TimeControl "2700+45"]

1. e4 c6 2. d4 d5 3. Nc3 dxe4 4. Nxe4 Bf5 5. Ng3 Bg6 6. Nf3 Nf6 7. Bc4 e6 8. O-O
Qc7 9. Ne5 Bd6 10. Bf4 Nbd7 11. Nxg6 hxg6 12. Bxd6 Qxd6 13. Re1 O-O-O 14. c3 Nh5
15. Ne4 Qc7 16. g3 Nhf6 17. Ng5 Nb6 18. Nxf7 Nxc4 19. Nxd8 Qxd8 20. Qb3 Nd2 21.
Qxe6+ Kb8 22. Qe5+ Ka8 23. Qf4 Nfe4 24. Rxe4 Nxe4 25. Qxe4 Qe8 26. Re1 Qxe4 27.
Rxe4 a6 28. Re7 Rh7 29. h4 Ka7 30. Re6 Rh6 31. Kg2 Kb6 32. Kh3 Kb5 33. Kg4 Kc4
34. Re3 Rh5 35. b3+ Kd5 36. Re5+ Kd6 37. Rxh5 gxh5+ 38. Kxh5 Ke7 39. Kg6 Kf8 40.
f4 Kg8 41. f5 b6 42. f6 gxf6 43. Kxf6 c5 44. dxc5 bxc5 45. Ke5 Kg7 46. Kd5 Kg6
47. Kxc5 Kh5 48. Kb6 a5 49. c4 Kg4 50. c5 a4 51. bxa4 Kh5 52. c6 Kg4 53. c7 Kh5
54. c8=Q Kg6 55. a5 Kf6 56. a6 Ke5 57. a7 Kd5 58. a8=Q+ Kd4 59. Qc5+ Kd3 60.
Qad5+ Ke2 61. Qe7+ Kf2 62. Qf5+ Kg2 63. Qe2+ Kh1 64. Qff1# {Black checkmated}
1-0

[Event "Team 45 45 League T38"]
[Site "Internet Chess Club"]
[Date "2008.08.21"]
[Round "5"]
[White "nahavrilla"]
[Black "imawesome"]
[Result "1-0"]
[WhiteElo "1579"]
[BlackElo "1504"]
[Opening "Queen's pawn, Mason variation"]
[ECO "D00"]
[Time "20:00:36"]
[TimeControl "2700+45"]

1. d4 d5 2. Bf4 Nf6 3. e3 e6 4. Nf3 Nbd7 5. Bd3 c5 6. c3 b6 7. Nbd2 Bb7 8. O-O
c4 9. Bc2 Be7 10. Re1 Ne4 11. Nxe4 dxe4 12. Nd2 f5 13. Nxc4 O-O 14. Bb3 Bd5 15.
Ne5 Nf6 16. c4 Bb7 17. c5 Bd5 18. Bxd5 Qxd5 19. c6 Bd6 20. a3 Rac8 21. Qa4 a5
22. Rec1 Rc7 23. b4 axb4 24. axb4 Rfc8 25. b5 Rb8 26. h3 Kf8 27. Qc4 Kg8 28.
Qxd5 Nxd5 29. Nd7 Rxd7 30. cxd7 Nxf4 31. Rc8+ Kf7 32. Rxb8 Ke7 33. d8=Q+ Kf7 34.
Ra7+ Kg6 35. Qxd6 {Black resigns} 1-0

[Event "Team 45 45 League T38"]
[Site "Internet Chess Club"]
[Date "2008.08.21"]
[Round "5"]
[White "quaksterjohny"]
[Black "curtintime"]
[Result "1-0"]
[WhiteElo "1517"]
[BlackElo "1322"]
[Opening "Bishop's opening: Berlin defense"]
[ECO "C24"]
[Time "09:07:09"]
[TimeControl "2700+45"]

1. e4 e5 2. Bc4 Nf6 3. d3 d6 4. Nc3 Nc6 5. f4 Bg4 6. Nf3 Na5 7. Bb3 Nxb3 8. axb3
exf4 9. Bxf4 Be7 10. h3 Bd7 11. O-O O-O 12. Re1 Bc6 13. Be3 b6 14. Bd4 Re8 15.
e5 Nd5 16. Nxd5 Bxd5 17. c4 Bxf3 18. Qxf3 dxe5 19. Bxe5 Bc5+ 20. Kh1 a5 21. Qg3
f6 22. Bxc7 Qd4 23. Rxe8+ Rxe8 24. Re1 Rxe1+ 25. Qxe1 Kf7 26. Qe2 Qd7 27. Bg3
Bd4 28. Bf2 Bxf2 29. Qxf2 Qxd3 30. Qxb6 Qb1+ 31. Kh2 Qxb2 32. Qxa5 Qxb3 33. Qc7+
Kf8 34. c5 Qe6 35. c6 Qe7 36. Qb8+ Qe8 37. c7 {Black resigns} 1-0

[Event "Team 45 45 League T38"]
[Site "Internet Chess Club"]
[Date "2008.08.26"]
[Round "5"]
[White "rubo"]
[Black "b-spot"]
[Result "1-0"]
[WhiteElo "1751"]
[BlackElo "1682"]
[Opening "Bird's opening"]
[ECO "A02"]
[Time "17:07:34"]
[TimeControl "2700+45"]

1. f4 Nf6 2. Nf3 e6 3. b3 d5 4. e3 c5 5. Bb2 Nc6 6. Bb5 Bd7 7. O-O Be7 8. Bxc6
Bxc6 9. Ne5 Rc8 10. d3 O-O 11. Nd2 Nd7 12. Qg4 Nxe5 13. fxe5 Bg5 14. Rae1 d4 15.
Nc4 Bxe3+ 16. Nxe3 dxe3 17. Rxe3 g6 18. Rg3 Qa5 19. a4 Qb4 20. Qg5 c4 21. dxc4
Rcd8 22. Bc1 Rd7 23. Qf6 Qe7 24. Qxe7 Rxe7 25. Ba3 {Black resigns} 1-0

[Event "Team 45 45 League T38"]
[Site "Internet Chess Club"]
[Date "2008.08.25"]
[Round "5"]
[White "jazzyrick"]
[Black "Jozin"]
[Result "0-1"]
[WhiteElo "1508"]
[BlackElo "1617"]
[Opening "Petrov: Nimzovich attack"]
[ECO "C42"]
[Time "14:10:30"]
[TimeControl "2700+45"]

1. e4 e5 2. Nf3 Nf6 3. Nxe5 d6 4. Nf3 Nxe4 5. Nc3 Nxc3 6. dxc3 Be7 7. Bc4 O-O 8.
O-O Nc6 9. Be3 Ne5 10. Bb3 Bg4 11. Bd5 c6 12. h3 Bh5 13. g4 Bg6 14. Bb3 Qc7 15.
Nxe5 dxe5 16. Qe2 a6 17. a4 Rad8 18. f3 Rd7 19. Qf2 Qc8 20. Rfd1 Rfd8 21. Rxd7
Rxd7 22. Bb6 Bg5 23. h4 Rd2 24. Qc5 Bxh4 25. Qxe5 Bf6 26. Qe3 Qd7 27. Re1 Rd1
28. Rxd1 Qxd1+ 29. Kg2 h6 30. Qe8+ Kh7 31. Bxf7 Qxc2+ 32. Kg3 Bxf7 33. Qxf7 Qxb2
34. Qxb7 Be5+ 35. f4 Qxc3+ 36. Kg2 Qd2+ 37. Bf2 Bd4 {White resigns} 0-1

[Event "Team 45 45 League T38"]
[Site "Internet Chess Club"]
[Date "2008.08.25"]
[Round "5"]
[White "GamePlayer"]
[Black "RingLord"]
[Result "0-1"]
[WhiteElo "1557"]
[BlackElo "1608"]
[Opening "Sicilian: Taimanov variation"]
[ECO "B46"]
[Time "18:47:46"]
[TimeControl "2700+45"]

1. e4 c5 2. Nf3 Nc6 3. d4 cxd4 4. Nxd4 e6 5. Nc3 a6 6. Nf3 Bb4 7. Bd2 Nf6 8. a3
Bc5 9. h3 O-O 10. e5 Ne8 11. Bd3 d5 12. exd6 Nxd6 13. O-O b5 14. Re1 Bb7 15. Ng5
h6 16. Nge4 Nxe4 17. Nxe4 Ba7 18. Bxh6 gxh6 19. Qg4+ Kh8 20. Qf4 Kg7 21. Qg4+
Kh8 22. Qf4 Kg7 23. Nd6 Qd7 24. Rad1 Rad8 25. Bf5 Bc8 26. Qg4+ Kh8 27. Nxc8 Qxc8
28. Qh4 Kg7 29. Qg4+ Kh8 30. Qh5 Kg7 31. Rxd8 Rxd8 32. Qg4+ Kf8 33. Qf4 Nd4 34.
Bg6 Ne2+ 35. Rxe2 Rd1+ 36. Kh2 Bb8 37. Re5 Bxe5 38. Qxe5 Qd8 39. Bd3 Qg5 40.
Qh8+ Ke7 41. Qd4 Qd5 42. Qh4+ Ke8 43. Qb4 Qe5+ 44. f4 Qe3 45. Qd6 Qg1+ 46. Kg3
Qe3+ 47. Kh4 Rg1 48. Kh5 Rxg2 49. Qc6+ Kf8 50. Qxg2 Qxf4 51. Qa8+ Kg7 52. Qg2+
Kh8 53. Qe4 Qg5# {White checkmated} 0-1

[Event "Team 45 45 League T38"]
[Site "Internet Chess Club"]
[Date "2008.08.21"]
[Round "5"]
[White "rivits"]
[Black "albacore"]
[Result "1-0"]
[WhiteElo "1606"]
[BlackElo "1387"]
[Opening "Caro-Kann: Panov-Botvinnik attack"]
[ECO "B13"]
[Time "20:59:31"]
[TimeControl "2700+45"]

1. d4 c5 2. e3 cxd4 3. exd4 d5 4. c4 Nf6 5. Nc3 Nc6 6. h3 Bf5 7. Nf3 e6 8. a3
Be7 9. Bd3 Ne4 10. O-O O-O 11. Be3 Bf6 12. cxd5 exd5 13. Rc1 Re8 14. Qc2 Qd7 15.
Rfe1 Bxh3 16. gxh3 Qxh3 17. Nh2 Nxd4 18. Bxd4 Bxd4 19. Bxe4 dxe4 20. Nxe4 Rac8
21. Qe2 f5 22. Rxc8 Rxc8 23. Ng5 Qh6 24. Qe8+ Rxe8 25. Rxe8# {Black checkmated}
1-0

[Event "Team 45 45 League T38"]
[Site "Internet Chess Club"]
[Date "2008.08.23"]
[Round "5"]
[White "RealChosenOne"]
[Black "Timotheous"]
[Result "1-0"]
[WhiteElo "1724"]
[BlackElo "1676"]
[Opening "Sicilian: dragon, Yugoslav attack, 10.O-O-O"]
[ECO "B78"]
[Time "16:00:38"]
[TimeControl "2700+45"]

1. e4 c5 2. Nf3 d6 3. d4 cxd4 4. Nxd4 Nf6 5. Nc3 g6 6. Be3 Bg7 7. f3 O-O 8. Qd2
Nc6 9. Bc4 Bd7 10. O-O-O Ne5 11. Bb3 Qa5 12. h4 Rfc8 13. g4 Nc4 14. Bxc4 Rxc4
15. h5 Rxc3 16. Qxc3 Qxa2 17. hxg6 fxg6 18. Qb3+ Qxb3 19. Nxb3 a5 20. e5 Ne8 21.
exd6 exd6 22. Bd4 a4 23. Bxg7 axb3 24. Bc3 bxc2 25. Kxc2 Ba4+ 26. b3 Bc6 27. Rh3
Ra2+ 28. Bb2 Ra7 29. Re1 b5 30. f4 Rc7 31. Kb1 Ng7 32. Ba3 Bd7 33. Rh4 d5 34.
Kb2 d4 35. Bd6 Rc6 36. Be5 d3 37. Rd1 Rc2+ 38. Kb1 Rg2 39. Rxd3 Rxg4 40. Rxg4
Bxg4 41. Rd8+ Kf7 42. Bxg7 Kxg7 43. Rb8 Be2 44. b4 h5 45. Kc1 Bc4 46. Kd2 Kf6
47. Ke3 g5 48. Rf8+ Kg7 49. Rf5 gxf4+ 50. Kxf4 h4 51. Rh5 Kf6 52. Rxh4 Ke6 53.
Rh5 Kd6 54. Rc5 Kd7 55. Ke5 Bf1 56. Kd4 Bc4 57. Rh5 Kc6 58. Rh6+ Kd7 59. Kc5 Bf1
60. Rb6 Kc7 61. Rg6 Kb7 62. Rg7+ Kc8 63. Kb6 Bc4 64. Rg5 Kb8 65. Rf5 Kc8 66.
Rf8+ Kd7 67. Kb7 Bd5+ 68. Kb8 Bc4 69. Rc8 Kd6 70. Rc5 Kd7 71. Ka7 Kd6 72. Kb6
Kd7 73. Rxb5 Bxb5 74. Kxb5 Kc8 75. Kb6 Kb8 76. b5 Ka8 77. Kc7 {Black resigns}
1-0

[Event "Team 45 45 League T38"]
[Site "Internet Chess Club"]
[Date "2008.08.21"]
[Round "5"]
[White "OGO"]
[Black "SATELLITE-DAN"]
[Result "1-0"]
[WhiteElo "1638"]
[BlackElo "1527"]
[Opening "Ruy Lopez: closed defense"]
[ECO "C84"]
[Time "15:04:23"]
[TimeControl "2700+45"]

1. e4 e5 2. Nf3 Nc6 3. Bb5 a6 4. Ba4 Nf6 5. O-O Be7 6. c3 b5 7. Bc2 O-O 8. d4 d6
9. h3 Na5 10. b3 Nb7 11. dxe5 Nd7 12. exd6 Bxd6 13. Bg5 f6 14. Nd4 Ne5 15. Bf4
c5 16. Nf3 Qc7 17. Bxe5 fxe5 18. Qd5+ Kh8 19. Na3 Bxh3 20. Ng5 Bg4 21. Bd1 h6
22. Bxg4 hxg5 23. Rad1 Rf6 24. Qd2 Rf4 25. f3 c4 26. g3 Bc5+ 27. Kg2 Rd8 28. Qb2
Rf6 29. bxc4 Nd6 30. cxb5 Rb8 31. c4 axb5 32. Nxb5 Nxb5 33. cxb5 Ra6 34. Rh1+
Rh6 35. a4 Rb6 36. Rxh6+ gxh6 37. Rd7 Qb8 38. Bf5 Bd4 39. Rh7+ Kg8 40. Qb3+ Kf8
41. Qf7# {Black checkmated} 1-0

[Event "Team 45 45 League T38"]
[Site "Internet Chess Club"]
[Date "2008.08.24"]
[Round "5"]
[White "Lionskins"]
[Black "noblitz-oblige"]
[Result "1-0"]
[WhiteElo "1668"]
[BlackElo "1557"]
[Opening "English opening"]
[ECO "A05"]
[Time "20:35:17"]
[TimeControl "2700+45"]

1. Nf3 Nf6 2. c4 d6 3. Nc3 e5 4. Qc2 Nc6 5. e3 g6 6. h3 Bg7 7. a3 O-O 8. Bd3 Re8
9. Ng5 Nd7 10. h4 Nc5 11. Be2 f5 12. b4 Ne6 13. Nxe6 Bxe6 14. Bb2 Qe7 15. O-O-O
Qf7 16. h5 Bxc4 17. hxg6 hxg6 18. Bxc4 Qxc4 19. Rh3 Kf7 20. d3 Qe6 21. Rf3 a6
22. g4 Bh6 23. Ne4 Ke7 24. gxf5 gxf5 25. Ng3 f4 26. Ne4 d5 27. Nc5 Qg4 28. Qe2
e4 29. dxe4 dxe4 30. Nxe4 Rad8 31. Bf6+ Kf7 32. Bxd8 Rxe4 33. Bxc7 Ne5 34. Bxe5
Rxe5 35. Rxf4+ Bxf4 36. Qxg4 {Black resigns} 1-0

[Event "Team 45 45 League T38"]
[Site "Internet Chess Club"]
[Date "2008.08.24"]
[Round "5"]
[White "Jester"]
[Black "Kasparklunk"]
[Result "1-0"]
[WhiteElo "1470"]
[BlackElo "1364"]
[Opening "Scandinavian (center counter) defense"]
[ECO "B01"]
[Time "20:00:09"]
[TimeControl "2700+45"]

1. e4 d5 2. exd5 Qxd5 3. Nf3 Bg4 4. Be2 Nf6 5. c4 Qd6 6. Nc3 a6 7. O-O Nc6 8.
Re1 e6 9. h3 Bh5 10. d4 O-O-O 11. Be3 Be7 12. c5 Qd7 13. Qc2 Bxf3 14. Bxf3 Nxd4
15. Bxd4 Qxd4 16. Bxb7+ Kxb7 17. Qb3+ Ka7 18. Red1 Qxc5 19. Na4 Qb4 20. Qe3+ c5
21. b3 Rxd1+ 22. Rxd1 Rc8 23. Qe5 Qe4 24. Rd7+ Nxd7 25. Qxe4 h6 26. Qh7 Bf6 27.
Qd3 Rd8 28. Qe4 Rc8 29. Qd3 Rd8 30. Qd6 Be5 31. Qe7 Bf6 32. Qxf7 Kb7 33. Qxe6
{Black resigns} 1-0

[Event "Team 45 45 League T38"]
[Site "Internet Chess Club"]
[Date "2008.08.25"]
[Round "5"]
[White "NESKAYA"]
[Black "Rhel"]
[Result "1-0"]
[WhiteElo "1674"]
[BlackElo "1467"]
[Opening "Sicilian: Hungarian variation"]
[ECO "B27"]
[Time "14:33:18"]
[TimeControl "2700+45"]

1. e4 c5 2. Nf3 g6 3. c3 Bg7 4. Be2 Nc6 5. O-O d5 6. exd5 Qxd5 7. h3 e6 8. Bb5
Ne7 9. c4 Qd6 10. Nc3 a6 11. Bxc6+ Qxc6 12. Qc2 O-O 13. b3 b6 14. Bb2 Bb7 15.
Ne2 f6 16. d4 Qe4 17. Ne1 Nf5 18. Qxe4 Bxe4 19. dxc5 bxc5 20. f3 Bb7 21. Nd3
Rac8 22. Nef4 Rfe8 23. Kf2 e5 24. Ne2 e4 25. fxe4 Bxe4 26. Ndf4 Red8 27. Rad1
Kf7 28. Nc3 Bb7 29. Rfe1 Nd4 30. Ncd5 Bxd5 31. Bxd4 Bb7 32. Bxc5 Rxd1 33. Rxd1
Bxg2 34. Rd7+ Kg8 35. Kxg2 Rxc5 36. Ne6 {Black resigns} 1-0

[Event "Team 45 45 League T38"]
[Site "Internet Chess Club"]
[Date "2008.08.21"]
[Round "5"]
[White "nozmov"]
[Black "mechanicalrook"]
[Result "1/2-1/2"]
[WhiteElo "1437"]
[BlackElo "1509"]
[Opening "King's Indian: East Indian defense"]
[ECO "A48"]
[Time "16:00:26"]
[TimeControl "2700+45"]

1. d4 Nf6 2. Nf3 g6 3. e3 Bg7 4. Be2 O-O 5. O-O d6 6. c4 Nbd7 7. Nc3 b6 8. Bd2
Bb7 9. a4 c5 10. d5 e6 11. e4 exd5 12. exd5 Re8 13. Nb5 Ne5 14. Nxe5 dxe5 15.
Nc3 Nd7 16. Nb5 Nf6 17. d6 Re6 18. Bg5 a6 19. Bg4 axb5 20. Bxe6 fxe6 21. cxb5
Qd7 22. Bxf6 Bxf6 23. Qd2 Be4 24. f3 Bd5 25. f4 Qxd6 26. fxe5 Bxe5 27. Kh1 Bxh2
28. Qf2 Bg3 29. Qf7+ Kh8 30. Qf6+ Kg8 31. Qf7+ {Game drawn by mutual agreement}
1/2-1/2

[Event "Team 45 45 League T38"]
[Site "Internet Chess Club"]
[Date "2008.08.24"]
[Round "5"]
[White "ET3000"]
[Black "andreip"]
[Result "1/2-1/2"]
[WhiteElo "2028"]
[BlackElo "2121"]
[Opening "Caro-Kann: exchange variation"]
[ECO "B13"]
[Time "14:00:07"]
[TimeControl "2700+45"]

1. e4 c6 2. d4 d5 3. exd5 cxd5 4. Bd3 Nc6 5. c3 Nf6 6. Nf3 Bg4 7. h3 Bh5 8. O-O
e6 9. Bf4 Bd6 10. Bxd6 Qxd6 11. Nbd2 O-O 12. Qc2 Bg6 13. Rfe1 Bxd3 14. Qxd3 Rac8
15. Ne5 Qc7 16. Rac1 Nxe5 17. Rxe5 h6 18. Rce1 a6 19. g3 b5 20. a3 a5 21. R5e3
b4 22. axb4 axb4 23. Kg2 bxc3 24. bxc3 Rb8 25. g4 Rfc8 26. Rg3 Qf4 27. Ree3 Nh7
28. Rgf3 Qc7 29. h4 Rb6 30. Rg3 Nf8 31. h5 Nh7 32. Re5 Qe7 33. Nf3 Rbc6 34. g5
Rxc3 35. Qd2 hxg5 36. Nxg5 Rxg3+ 37. fxg3 Nxg5 38. Rxg5 Qf6 {Game drawn by
mutual agreement} 1/2-1/2

[Event "Team 45 45 League T38"]
[Site "Internet Chess Club"]
[Date "2008.08.26"]
[Round "5"]
[White "alin"]
[Black "imgr8"]
[Result "1-0"]
[WhiteElo "2075"]
[BlackElo "2001"]
[Opening "Sicilian: Labourdonnais-Löwenthal (Kalashnikov) variation"]
[ECO "B32"]
[Time "14:08:47"]
[TimeControl "2700+45"]

1. e4 c5 2. Nf3 Nc6 3. d4 cxd4 4. Nxd4 e5 5. Nb5 d6 6. N1c3 a6 7. Na3 b5 8. Nd5
Nge7 9. c4 Nd4 10. cxb5 Nxd5 11. exd5 Be7 12. Bc4 O-O 13. O-O f5 14. bxa6 f4 15.
Nc2 Nxc2 16. Qxc2 f3 17. Bd3 fxg2 18. Bxh7+ Kh8 19. Re1 Bxa6 20. Be4 Bh4 21. Be3
Rc8 22. Qd1 Qe8 23. Qg4 g5 24. Bxg5 Bxf2+ 25. Kxg2 Rc7 26. Qh3+ Kg8 27. Kh1 Bxe1
28. Rxe1 Qc8 29. Qh5 Qb7 30. Rg1 Rg7 31. Qh6 Qd7 32. Bh7+ Rxh7 33. Bf6+ Kf7 34.
Qg6# {Black checkmated} 1-0

[Event "Team 45 45 League T38"]
[Site "Internet Chess Club"]
[Date "2008.08.24"]
[Round "5"]
[White "irock"]
[Black "Terte"]
[Result "0-1"]
[WhiteElo "1742"]
[BlackElo "2018"]
[Opening "Sicilian: Alapin's variation (2.c3)"]
[ECO "B22"]
[Time "08:54:59"]
[TimeControl "2700+45"]

1. e4 c5 2. c3 Nf6 3. e5 Nd5 4. d4 cxd4 5. Nf3 e6 6. cxd4 Nc6 7. Bc4 d6 8. O-O
Be7 9. Qe2 O-O 10. Qe4 Ndb4 11. exd6 Bxd6 12. Ng5 g6 13. Qh4 h5 14. g4 Kg7 15.
gxh5 Rh8 16. h6+ Kf8 17. a3 Nxd4 18. axb4 Nf5 19. Nh7+ Ke8 20. Bb5+ Bd7 21.
Qxd8+ Kxd8 22. Bg5+ Kc7 23. Bxd7 Rxh7 24. Bb5 Rah8 25. f4 Nxh6 26. Bxh6 Rxh6 27.
Rf2 Bxb4 28. Rc2+ Kb6 29. Bf1 Bc5+ 30. Kh1 Bd6 31. Ra4 g5 32. h3 gxf4 33. Na3
Rxh3+ 34. Bxh3 Rxh3+ 35. Kg2 Rg3+ 36. Kf2 Bc5+ 37. Rxc5 Kxc5 38. Rxf4 Rb3 39.
Rxf7 Rxb2+ 40. Kg3 Rb3+ 41. Rf3 Rxf3+ 42. Kxf3 Kb4 43. Nc2+ Kc3 44. Na3 a6 45.
Ke3 b5 46. Nb1+ Kc2 47. Nd2 a5 48. Ne4 a4 49. Kd4 a3 50. Nc5 a2 51. Nxe6 a1=Q+
52. Ke4 b4 53. Nc5 b3 54. Nd3 Qa4+ 55. Ke3 Qe8+ 56. Kd4 Qd7+ 57. Kc4 Qxd3+ 58.
Kc5 b2 59. Kc6 b1=Q 60. Kc5 Qbb5# {White checkmated} 0-1

[Event "Team 45 45 League T38"]
[Site "Internet Chess Club"]
[Date "2008.08.21"]
[Round "5"]
[White "viking99"]
[Black "jefferyx"]
[Result "0-1"]
[WhiteElo "1806"]
[BlackElo "1828"]
[Opening "Sicilian: Richter-Rauzer, 6...e6"]
[ECO "B62"]
[Time "20:05:57"]
[TimeControl "2700+45"]

1. e4 c5 2. Nf3 d6 3. d4 cxd4 4. Nxd4 Nf6 5. Nc3 Nc6 6. Bg5 e6 7. Be2 Be7 8. f4
O-O 9. Qd2 h6 10. Bh4 a6 11. Bf2 Bd7 12. h3 e5 13. Nf5 Bxf5 14. exf5 exf4 15.
Qxf4 Qa5 16. O-O Qe5 17. Qxe5 dxe5 18. a3 Rfd8 19. Rad1 Rac8 20. Bb6 Rd7 21.
Rxd7 Nxd7 22. Be3 Nd4 23. Bd3 Nc5 24. Bxd4 exd4 25. Nd5 Bd6 26. Nb6 Re8 27. Nc4
Bc7 28. Rf3 Nxd3 29. Rxd3 Re2 30. Nd2 Bf4 31. Nb3 Be3+ 32. Kh2 Rxc2 33. Nxd4
Bf4+ 34. Kg1 Rxb2 35. g3 Bc7 36. Kf1 Bb6 37. Ne2 Ra2 38. Ke1 Bc5 39. Rd8+ Bf8
40. Nf4 Rxa3 41. Kf2 b5 42. Ne6 fxe6 43. fxe6 Ra2+ 44. Kf3 Ra3+ 45. Kf2 Ra2+ 46.
Kf3 Ra3+ 47. Kf4 g5+ 48. Kf5 Kg7 49. Rd7+ Kg8 50. e7 Bxe7 51. Rxe7 Rxg3 52. Kg6
Kf8 53. Ra7 Rxh3 54. Rxa6 b4 55. Rb6 b3 56. Kf6 Ke8 57. Ke6 Kd8 58. Kf5 Kc7 59.
Rb4 Kc6 60. Ke5 Kc5 61. Rb8 Re3+ 62. Kf5 Kd4 63. Kg6 Kc3 64. Kxh6 g4 65. Kg5 g3
66. Kf4 g2 67. Kxe3 g1=Q+ 68. Ke2 Qg4+ 69. Kf1 {White resigns} 0-1

[Event "Team 45 45 League T38"]
[Site "Internet Chess Club"]
[Date "2008.08.21"]
[Round "5"]
[White "Chessduke"]
[Black "BadHabitMarco"]
[Result "0-1"]
[WhiteElo "2097"]
[BlackElo "1987"]
[Opening "Sicilian: Smith-Morra gambit"]
[ECO "B21"]
[Time "13:00:31"]
[TimeControl "2700+45"]

1. e4 c5 2. d4 cxd4 3. c3 dxc3 4. Nxc3 Nc6 5. Nf3 e6 6. Bc4 d6 7. O-O Nf6 8. Qe2
Be7 9. Rd1 e5 10. Bg5 O-O 11. Nb5 a6 12. Bxf6 gxf6 13. Nc3 Be6 14. Nd5 b5 15.
Bb3 Na5 16. Bc2 Rc8 17. Bd3 Kh8 18. a4 Nb3 19. Ra3 Nc1 20. Qd2 Nxd3 21. Rxd3
Bxd5 22. Rxd5 Rc4 23. axb5 Rxe4 24. bxa6 Ra4 25. Qd3 Qb6 26. Qf5 Qxa6 27. h4 Ra1
28. Rxa1 Qxa1+ 29. Kh2 Qxb2 30. Qd7 Bd8 31. Qxd6 Rg8 32. Rd2 Qb6 33. Qd5 Qe6 34.
Qe4 Ba5 35. Rc2 Qg4 36. Ng5 Rxg5 {White resigns} 0-1